 Dungeon Crawl Stone Soup version 0.28-a0-1080-g05a166d (webtiles) character file.

Game seed: 11893962072136708776

969 Ayyar the Sneak (level 8, -8/62 HPs)
             Began as a Naga Venom Mage on Dec 8, 2021.
             Was a Follower of Sif Muna.
             Mangled by an ogre (27 damage)
             ... on level 6 of the Dungeon on Dec 9, 2021.
             The game lasted 00:31:26 (6680 turns).

Ayyar the Sneak (Naga Venom Mage)                   Turns: 6680, Time: 00:31:27

Health: -8/62      AC:  5    Str: 12    XL:     8   Next: 16%
Magic:  12/14      EV: 10    Int: 17    God:    Sif Muna [*.....]
Gold:   350        SH:  5    Dex: 11    Spells: 7/15 levels left

rFire   . . .      SeeInvis +   e - +0 dagger
rCold   . . .      Faith    .   (no shield)
rNeg    . . .      Spirit   .   a - +0 robe
rPois   +          Reflect  +   f - +1 helmet
rElec   .          Harm     .   (no cloak)
rCorr   .          Rampage  .   (no gloves)
Will    +....                   (no barding)
Stlth   +++.......              p - amulet of reflection
HPRegen 0.20/turn               (no ring)
MPRegen 0.14/turn               (no ring)

@: very slow
A: AC +2, large, see invisible, deformed body, poison resistance, slowness 2,
spit poison 1, naga tail 1
a: Spit Poison, Renounce Religion, Channel Magic


You were on level 6 of the Dungeon.
You worshipped Sif Muna.
Sif Muna was aware of your devotion.
You visited 1 branch of the dungeon, and saw 6 of its levels.

You collected 350 gold pieces.

Inventory:

Hand Weapons
 e - a +0 dagger (weapon)
Armour
 a - a +0 robe (worn)
 f - a +1 helmet (worn)
Jewellery
 p - an amulet of reflection (around neck)
Wands
 n - a wand of paralysis (13)
 q - a wand of iceblast (6)
 r - a wand of polymorph (11)
Scrolls
 b - a scroll of vulnerability {unknown}
 c - a scroll of enchant armour {unknown}
 d - 2 scrolls of teleportation
 i - a scroll of holy word {unknown}
 j - 4 scrolls of identify {unknown}
 k - a scroll of enchant weapon {unknown}
 m - 2 scrolls of fear {unknown}
Potions
 g - 2 potions of curing
 h - a potion of mutation {unknown}
 t - a potion of flight


   Skills:
 + Level 2.8 Short Blades
 + Level 3.3 Dodging
 + Level 6.6 Stealth
 + Level 4.1 Spellcasting
 + Level 3.8 Transmutations
 + Level 6.3 Poison Magic


You had 7 spell levels left.
You knew the following spells:

 Your Spells              Type           Power      Damage    Failure   Level
a - Sting                 Tmut/Pois      80%        1d7       1%          1
b - Spider Form           Tmut/Pois      20%        N/A       6%          3
c - Olgreb's Toxic Radia  Pois           24%        N/A       12%         4

Your spell library contained the following spells:

 Spells                   Type           Power      Damage    Failure   Level
 Beastly Appendage        Tmut           32%        N/A       3%          1
 Wereblood                Tmut           16%        N/A       4%          2
 Poisonous Vapours        Pois/Air       28%        N/A       6%          2
 Mephitic Cloud           Conj/Pois/Air  10%        N/A       21%         3


Dungeon Overview and Level Annotations

Branches:
Dungeon (6/15)
 Temple: D:4-7

Altars:
Dithmenos
Qazlal
Ru
Sif Muna

Shops:
D:2 [*(   D:5 [

Annotations:
D:6 Sigmund


Innate Abilities, Weirdness & Mutations

Your serpentine skin is tough. (AC +2)
You have supernaturally acute eyesight. (SInv)
Armour fits poorly on your strangely shaped body.
Your system is resistant to poisons. (rPois)
You cover ground very slowly.
You can spit poison.
You have a snake-like lower body.


Message History

The ogre barely misses you.
There is an open door here.
The ogre looks more healthy.
You are too injured to fight recklessly!
The ogre hits you with a +0 giant spiked club!
* * * LOW HITPOINT WARNING * * *
As you read the scroll labelled MAIMUH HOEBA, it crumbles to dust.
You feel strangely unstable.
It was a scroll of teleportation.
The ogre hits you with a +0 giant spiked club!
* * * LOW HITPOINT WARNING * * *
Your surroundings suddenly seem different.
You start resting.
HP restored.
You open the door.
Sigmund the Dreaded comes into view.
He is wielding a +0 scythe.
Found a potion of lignification and a scroll of teleportation.
You close the door.
Found 10 gold pieces.
Found a war axe.
Found a stone staircase leading down.
You now have 350 gold pieces (gained 10).
An ogre comes into view. It is wielding a +0 giant club.
The ogre shouts!
You see here a +0 war axe.
The sting hits the ogre.
The ogre is poisoned.
The ogre is lightly wounded.
The sting hits the ogre.
The ogre looks even sicker.
The ogre is moderately wounded.
The ogre hits you with a +0 giant club! The ogre closely misses you.
The ogre hits you with a +0 giant club!!
The sting hits the ogre.
The ogre looks even sicker.
The ogre is heavily wounded.
The ogre hits you with a +0 giant club!
You hit the ogre.
The ogre is severely wounded.
You hit the ogre.
The ogre is almost dead.
The ogre hits you with a +0 giant club!!
You die...

## .# ... .# #....... .#
#....... .# #.......
.####################.......
.'..............@O....>....
.####.############........
.####+####### #....#+#.
............. #.)..#
............. #....#
....).......> #....#
............. #...##
#............ #...#
#...#+####### ###.#


You could see an ogre (very poisoned).

Vanquished Creatures
  Grinder (D:5)
  Duvessa (D:6)
  An ogre (D:5)
  A phantom (D:4)
  A scorpion (D:6)
  Dowan (D:6)
  2 hounds (D:6)
  2 centaur skeletons (D:6)
  An iguana (D:6)
  Ijyb (D:5)
  Terence (D:3)
  2 hound skeletons (D:4)
  Robin (D:2)
  A gnoll (D:1)
  A howler monkey skeleton (D:6)
  4 adders
  An adder skeleton (D:4)
  4 dart slugs
  3 orcs
  6 bats
  7 endoplasms
  18 giant cockroaches
  15 goblins
  5 hobgoblins
  4 quokkas
  7 ball pythons
  7 frilled lizards
  3 kobolds
  6 rats
108 creatures vanquished.

Vanquished Creatures (others)
  A plant (D:1)
1 creature vanquished.

Grand Total: 109 creatures vanquished

Notes
Turn   | Place    | Note
-------+----------+-------------------------------------------
     0 | D:1      | Ayyar the Naga Venom Mage began the quest for the Orb.
     0 | D:1      | Reached XP level 1. HP: 15/15 MP: 3/3
   226 | D:1      | Reached XP level 2. HP: 20/22 MP: 1/5
   543 | D:1      | Reached XP level 3. HP: 25/28 MP: 1/6
  1096 | D:2      | Found a sacrificial altar of Ru.
  1110 | D:2      | Noticed Robin
  1394 | D:1      | Upgraded the game from 0.28-a0-1041-gaa9a639 to
                  | 0.28-a0-1080-g05a166d
  1530 | D:2      | You fall into a shaft and drop 1 floor!
  1891 | D:3      | Reached XP level 4. HP: 36/36 MP: 4/8
  2104 | D:3      | Noticed Terence
  2123 | D:3      | Killed Terence
  2301 | D:2      | Found Quotaeru's General Store.
  2534 | D:2      | Learned a level 3 spell: Spider Form
  2553 | D:2      | Reached XP level 5. HP: 34/42 MP: 6/9
  2621 | D:2      | Found Mahiask's Armour Boutique.
  2687 | D:2      | Found Dothrahief's Antique Weapon Boutique.
  2792 | D:2      | Killed Robin
  2799 | D:2      | Found a faded altar of an unknown god.
  3590 | D:4      | Found a shimmering blue altar of Sif Muna.
  3596 | D:4      | Became a worshipper of Sif Muna the Loreminder
  3764 | D:4      | Noticed a phantom
  3818 | D:4      | Killed a phantom
  3819 | D:4      | Reached skill level 1 in Short Blades
  3819 | D:4      | Reached skill level 5 in Poison Magic
  3819 | D:4      | Reached XP level 6. HP: 22/49 MP: 6/11
  4111 | D:4      | Found a shadowy altar of Dithmenos.
  4180 | D:4      | Reached skill level 5 in Stealth
  4574 | D:4      | Found a stormy altar of Qazlal.
  4668 | D:5      | Entered Level 5 of the Dungeon
  4685 | D:5      | Learned a level 4 spell: Olgreb's Toxic Radiance
  4978 | D:5      | Noticed Ijyb
  5017 | D:5      | Killed Ijyb
  5116 | D:5      | Found Leaceq's Armour Shoppe.
  5130 | D:5      | Noticed Grinder
  5167 | D:5      | Paralysed by Grinder for 2 turns
  5170 | D:5      | Killed Grinder
  5171 | D:5      | Reached XP level 7. HP: 24/55 MP: 5/12
  5975 | D:6      | Noticed Dowan
  5981 | D:6      | Noticed Duvessa
  6004 | D:6      | Reached * piety under Sif Muna
  6027 | D:6      | Killed Duvessa
  6028 | D:6      | Reached XP level 8. HP: 19/62 MP: 12/14
  6040 | D:6      | Killed Dowan
  6357 | D:6      | HP: 3/62 [ogre (14)]
  6647 | D:6      | Noticed Sigmund
  6680 | D:6      | Mangled by an ogre

Illustrated notes

Levels and vault maps discovered:
D:1:      ncdulo_smallfort, layout_rooms, serial_forest,
          infiniplex_forest_lined_4_way, infiniplex_forest_side_room,
          infiniplex_forest_straight_1, infiniplex_forest_end_3,
          infiniplex_forest_end_2, infiniplex_forest_end_1,
          infiniplex_forest_straight_1
D:2:      minmay_roachtagon, layout_basic, chequers_ecumenical_altar_simple,
          basic_altar, serial_shops, shop, nicolae_shop_behind_doors, shop,
          uniq_robin
D:3:      layout_loops_cross, kennysheep_minor_cross, minmay_bisected,
          uniq_terence
D:4:      layout_loops_ring, nicolae_qazlal_eye_of_the_storm,
          grunt_dithmenos_smoke, led_sif_pool, hex_tiny
D:5:      layout_cave_pools, serial_shops, shop, minmay_misc_feat_rows,
          uniq_ijyb, uniq_grinder
D:6:      layout_basic, mainiacjoe_overflow_surrounded_room, uniq_sigmund,
          uniq_menkaure, uniq_duvessa

Skill      XL: |  1  2  3  4  5  6  7 |
---------------+----------------------+-----
Dodging        | 2 3 |  3.3
Stealth        | 4 5 6 |  6.6
Spellcasting   | 3 4 |  4.1
Transmutations | 2 3 |  3.8
Short Blades   | 1 2 |  2.8
Poison Magic   | 5 6 |  6.3

Action                   |  1- 3 |  4- 6 |  7- 9 || total
-------------------------+-------+-------+-------++-------
Melee: Unarmed           |    34 |    54 |       ||    88
       Dagger            |       |    94 |    63 ||   157
 Cast: Sting             |    72 |   104 |    11 ||   187
       Spider Form       |       |     5 |       ||     5
       Olgreb's Toxic Ra |       |       |     2 ||     2
 Abil: Spit Poison       |       |       |     1 ||     1
  Use: Potion            |       |     2 |     5 ||     7
       Scroll            |       |       |     1 ||     1
 Stab: Sleeping          |       |     5 |     2 ||     7
Armor: Robe              |    25 |    46 |    21 ||    92
       Skin              |       |     1 |    17 ||    18
Dodge: Dodged            |    39 |   128 |    30 ||   197
Block: Other             |       |     4 |    14 ||    18

Table legend: (Time is in decaauts)
 A = Elapsed time spent in this place.
 B = Non-inter-level travel time spent in this place.
 C = Inter-level travel time spent in this place.
 D = Time resting spent in this place.
 E = Time spent auto-exploring this place.
 F = Levels seen in this place.
 G = Mean time per level.
                   A        B        C        D        E       F      G
               +--------+--------+--------+--------+--------+-----+--------+
         Total |   7786 |   7468 |    318 |   1181 |   5072 |   6 | 1297.7 |
       Dungeon |   7786 |   7468 |    318 |   1181 |   5072 |   6 | 1297.7 |
               +--------+--------+--------+--------+--------+-----+--------+

Top non-repeatable levels by time:
     D:3: 1580 daAuts
     D:1: 1577 daAuts
     D:4: 1327 daAuts
     D:6: 1153 daAuts
     D:5: 1115 daAuts
     D:2: 1032 daAuts
